 Dungeon Crawl Stone Soup version 0.19-b1-3-g7dea586 (webtiles) character file.

31 dorian the Unweaver (level 3, 28/29 HPs)
             Began as a Demonspawn Abyssal Knight on Oct 28, 2016.
             Was a Follower of Lugonu.
             Quit the game on level 2 of the Dungeon.
             The game lasted 00:01:43 (870 turns).

dorian the Unweaver (Demonspawn Abyssal Knight)      Turns: 870, Time: 00:01:44

Health: 28/29      AC:  9    Str: 13    XL:     3   Next: 7%
Magic:  5/5        EV:  6    Int: 13    God:    Lugonu [*.....]
Gold:   71         SH:  0    Dex: 12    Spells: 0 memorised, 2 levels left

rFire  . . .     SeeInvis .     a - +1 falchion
rCold  . . .     Gourm    .     d - +0 chain mail
rNeg   . . .     Faith    .     (no shield)
rPois  .         Spirit   .     (no helmet)
rElec  .         Reflect  .     k - +0 cloak
rCorr  .         Harm     .     (no gloves)
MR     .....                    (no boots)
Stlth  ..........               (no amulet)
                                (no ring)
                                (no ring)

@: no status effects
A: claws 1, nightstalker 1
a: Depart the Abyss, Renounce Religion


You were on level 2 of the Dungeon.
You worshipped Lugonu.
Lugonu was aware of your devotion.
You were not hungry.

You visited 1 branch of the dungeon, and saw 2 of its levels.
You visited the Abyss 1 time.

You collected 71 gold pieces.

Inventory:

Hand Weapons
 a - a +1 falchion (weapon)
Missiles
 f - 36 sling bullets
Armour
 b - a +0 leather armour
 d - a +0 chain mail (worn)
 k - a +0 cloak (worn)
Jewellery
 i - an uncursed ring of fire
 m - an uncursed ring of loudness
Scrolls
 e - a scroll of fear
 l - a scroll of teleportation
Potions
 g - 2 potions of brilliance {unknown}
 h - 4 potions of curing {unknown}
 o - a potion of berserk rage {unknown}
Comestibles
 c - 2 bread rations
 j - a slice of pizza
 n - a beef jerky


   Skills:
 - Level 3.0 Fighting
 * Level 2.8 Long Blades
 - Level 1.7 Armour
 - Level 0.8 Dodging
 + Level 3.2 Invocations


You had 2 spell levels left.
You didn't know any spells.

Dungeon Overview and Level Annotations

Branches:
Dungeon (2/15)

Altars:


Innate Abilities, Weirdness & Mutations

You have sharp fingernails.
You are slightly more attuned to the shadows.


Message History

You hit the frilled lizard.
You kill the frilled lizard!
Lugonu accepts your kill.
You barely miss the giant cockroach.
The giant cockroach bites you but does no damage.
The giant cockroach waves its antennae.
The giant cockroach completely misses you.
You hit the giant cockroach.
The giant cockroach is heavily wounded.
The giant cockroach bites you but does no damage.
You hit the giant cockroach.
You kill the giant cockroach!
Lugonu accepts your kill.
No target in view!
No target in view!
No target in view!
No target in view!
e - a scroll of fear You see here a giant cockroach corpse.
Are you sure you want to abandon this character and quit the game? (Confirm with "yes".)

#.##..# #
####....# #
#....#### #
####.##..# #
##.(..###.## ###
##..#### #..#
..###..## ##.##
#...†.###### #..#
####.......# ##@#
#
#)..####......>..#
##..###
######.#.... ##.#
#.##.... .. #.#
.### #.# #.# # #.
#.# ..


There were no monsters in sight!

Vanquished Creatures
  An ooze (D:1)
  A worm (D:2)
  4 bats
  4 giant cockroaches
  2 goblins (D:1)
  4 hobgoblins
  2 kobolds (D:1)
  A frilled lizard (D:2)
  3 rats (D:1)
22 creatures vanquished.

Notes
Turn   | Place    | Note
-------+----------+-------------------------------------------
     0 | Abyss:1  | dorian the Demonspawn Abyssal Knight began the quest for the Orb.
     0 | Abyss:1  | Reached XP level 1. HP: 18/18 MP: 2/2
     3 | Abyss:1  | Found a corrupted altar of Lugonu.
    16 | D:1      | Escaped the Abyss
    64 | D:1      | Reached * piety under Lugonu
   180 | D:1      | Gained mutation: You have sharp fingernails. [demonic ancestry]
   180 | D:1      | Reached XP level 2. HP: 23/24 MP: 4/4
   853 | D:2      | Gained mutation: You are slightly more attuned to the shadows. [demonic ancestry]
   853 | D:2      | Reached XP level 3. HP: 26/29 MP: 5/5
   870 | D:2      | Quit the game

Skill      XL: |  1  2 |
---------------+-------+-----
Long Blades    | 2 |  2.8
Invocations    | 3 |  3.2
Fighting       | |  3.0
Armour         | |  1.7
Dodging        | |  0.8

Action                   || total
-------------------------++-------
Melee: Falchion          ||    67
Invok: Depart the Abyss  ||     1
  Use: Scroll            ||     3
Armor: Chain mail        ||    57
Dodge: Dodged            ||    16
       Rpst.: Falchion   ||     4
